 Dungeon Crawl Stone Soup version 0.32-a0-738-g1a05c61809 (webtiles) character file.

Game seed: 7378574896340088182

32 Nvm9 the Trooper (level 3, -3/29 HPs)
             Began as a Demonspawn Fighter on Mar 17, 2024.
             Frozen to death by an endoplasm (5 damage)
             ... on level 2 of the Dungeon.
             The game lasted 00:02:04 (1023 turns).

Nvm9 the Trooper (Demonspawn Fighter)               Turns: 1023, Time: 00:02:04

Health: -3/29      AC:  6    Str: 17 (18) XL:     3   Next: 10%
Magic:  3/3        EV:  6    Int: 13 (14) God:
Gold:   42         SH:  7    Dex:  9 (12) Spells: 2/2 levels left

rFire   . . .        a - +0 war axe
rCold   . . .        i - +0 kite shield
rNeg    . . .        b - +0 scale mail
rPois   .            (no helmet)
rElec   .            (no cloak)
rCorr   .            (no gloves)
SInv    .            (no boots)
Will    .....        (no amulet) Stlth
                     f - +6 ring of intelligence
HPRegen 0.24/turn    (no ring)
MPRegen 0.08/turn

%: no passive effects
@: no status effects
A: hooves 1
a: no special abilities


You were on level 2 of the Dungeon.
You visited 1 branch of the dungeon, and saw 2 of its levels.

You collected 42 gold pieces.

Inventory:

Hand Weapons
 a - a +0 war axe (weapon)
Armour
 b - a +0 scale mail (worn)
 c - a +0 buckler
 i - a +0 kite shield (worn)
 j - a +0 kite shield
Jewellery
 f - a +6 ring of intelligence (left hand)
Scrolls
 e - a scroll of noise {unknown}
Potions
 d - a potion of might
 g - a potion of degeneration


   Skills:
 * Level 3.3 Fighting
 * Level 2.2 Axes
 * Level 3.0 Armour
 * Level 3.0 Shields


You had 2 spell levels left.
You didn't know any spells.
Your spell library was empty.

Dungeon Overview and Level Annotations

Branches:
Dungeon (2/15)

Altars:
Sif Muna


Innate Abilities, Weirdness & Mutations

You have large cloven feet.


Message History

You slash the gnoll!
You kill the gnoll!
Your Armour skill increases to level 3!
You barely miss the gnoll. You kick the gnoll, but do no damage.
The gnoll is lightly wounded.
The gnoll hits you but does no damage.
The endoplasm jiggles.
You hit the gnoll.
The gnoll is heavily wounded.
You block the gnoll's attack. The gnoll hits you with a +0 whip.
You closely miss the gnoll.
The gnoll is heavily wounded.
The gnoll hits you but does no damage.
You hit the gnoll. You kick the gnoll, but do no damage.
The gnoll is severely wounded.
You block the gnoll's attack. The gnoll hits you with a +0 whip.
* * * LOW HITPOINT WARNING * * *
You closely miss the gnoll.
The gnoll is severely wounded.
The gnoll barely misses you. x2
You slash the gnoll!
You kill the gnoll!
You feel your intelligence returning.
Your Shields skill increases to level 3!
You have reached level 3!
Your experience leads to an increase in your attributes!
Your base attributes are Str 16, Int 8, Dex 12.
Increase (S)trength, (I)ntelligence, or (D)exterity?
You feel stronger. x2
The endoplasm attacks as it pursues you!
You block the endoplasm's attack.
You hit the endoplasm. Your kick misses the endoplasm.
The endoplasm is lightly wounded.
The endoplasm hits you.
* * * LOW HITPOINT WARNING * * *
The gnoll hits you from afar with a +0 spear.
* * * LOW HITPOINT WARNING * * *
The endoplasm freezes you.
You are frozen.
You die...

............#
............#
#.........g.#
#...........# .#
#.._...g....# .#
#.......######.#
......>.# ####.# .
........###....#
#.
....+..gggJ@...#
#.# ...
#######....# #..
.. #....# ##.. .
#....####### ....
#........... ....
.......
#...##############
....... #...#
#.....†. .......
##'########.######
.......
#.#.<........#


You could see 2 gnolls, an endoplasm and a goblin.

Vanquished Creatures
  2 gnolls (D:2)
  A ball python (D:1)
  3 endoplasms
  A goblin (D:2)
  A hobgoblin (D:1)
  A bat (D:2)
  A frilled lizard (D:2)
  3 kobolds
  A rat (D:1)
14 creatures vanquished.

Notes
Turn   | Place    | Note
-------+----------+-------------------------------------------
     0 | D:1      | Nvm9 the Demonspawn Fighter began the quest for the Orb.
     0 | D:1      | Reached XP level 1. HP: 18/18 MP: 1/1
   886 | D:2      | Gained mutation: You have large cloven feet. [demonic
                  | ancestry]
   886 | D:2      | Reached XP level 2. HP: 24/24 MP: 2/2
  1000 | D:2      | Found a shimmering blue altar of Sif Muna.
  1022 | D:2      | Reached XP level 3. HP: 10/29 MP: 3/3
  1023 | D:2      | Frozen to death by an endoplasm

Illustrated notes

Levels and vault maps discovered:
D:1:      heliophobic_arrival_battle_scene, layout_basic
D:2:      layout_basic, basic_altar, corexii_leaking_fountain

Skill      XL: |  1  2 |
---------------+-------+-----
Axes           | 2 |  2.2
Armour         | 3 |  3.0
Shields        | 3 |  3.0
Fighting       | |  3.3

Action                     || total
---------------------------++-------
  Melee: War axe           ||    54
         Kick              ||     4
    Use: Potion            ||     2
         Scroll            ||     1
 Armour: Scale mail        ||    42
  Dodge: Dodged            ||    12
  Block: Kite shield       ||    17
         Buckler           ||     3

Table legend: (Time is in decaauts)
 A = Elapsed time spent in this place.
 B = Non-inter-level travel time spent in this place.
 C = Inter-level travel time spent in this place.
 D = Time resting spent in this place.
 E = Time spent auto-exploring this place.
 F = Levels seen in this place.
 G = Mean time per level.
                   A        B        C        D        E       F      G
               +--------+--------+--------+--------+--------+-----+--------+
         Total |   1051 |   1041 |     10 |    133 |    708 |   2 |  525.5 |
       Dungeon |   1051 |   1041 |     10 |    133 |    708 |   2 |  525.5 |
               +--------+--------+--------+--------+--------+-----+--------+

Top non-repeatable levels by time:
     D:1: 730 daAuts
     D:2: 320 daAuts
